[Event "XVII Orsha-2019 Open"]
[Site "Orsha"]
[Date "2019.01.23"]
[Round "8"]
[White "Runets, Ivan"]
[Black "Afonasieva, Anna"]
[Result "0-1"]
[ECO "D70"]
[WhiteElo "2118"]
[BlackElo "2265"]
[Annotator "NA"]
[PlyCount "86"]
[EventDate "2019.01.18"]
[EventType "swiss"]
[EventCountry "BLR"]
[SourceTitle "playchess.com"]
[Source "ChessBase"]
[SourceQuality "1"]
[TimeControl "5400+30"]

1. d4 d5 2. Nf3 Nf6 3. c4 c6 4. Nbd2 Bf5 5. e3 e6 6. Be2 Nbd7 7. O-O {[%emt 0:01:40] D12: Slav Defence: 3 Nf3 Nf6 4 e3 Bf5} Bd6 8. b3 {[%emt 0:12:12] LiveBook: 6 Games} h6 9. Bb2 O-O 10. Ne5 (10. a3 Ne4 11. b4 Qe7 12. Nb3 dxc4 13. Bxc4 Nb6 14. Bd3 Na4 15. Qc2 Ng5 16. Nxg5 Bxd3 17. Qxd3 hxg5 18. Bc1 e5 19. Qc2 Nb6 20. dxe5 Bxe5 21. Bb2 Bxb2 22. Qxb2 Rad8 {½-½ (22) Granda Zuniga,J (2640)-Postny,E (2648) Nancy 2010}) 10... Qe7 11. Ndf3 Ne4 12. Nxd7 Qxd7 13. Bd3 $146 Bg4 14. Ne5 Bxe5 15. Qxg4 f5 16. Qe2 Bc7 17. f4 Nf6 18. c5 g5 19. Bc3 Qg7 20. Kh1 Kf7 21. b4 Rg8 22. a4 a6 23. Rab1 Ke7 24. Be1 Kd7 25. b5 axb5 $1 26. axb5 gxf4 27. bxc6+ bxc6 28. exf4 Ng4 29. Rb7 Ne3 30. Rg1 Qxd4 31. Bf2 Ra3 32. Bxe3 Qxd3 33. Qh5 Rg7 34. Qxh6 Qc3 {[%emt 0:00:13] [#]} 35. Rxc7+ $4 (35. Bd2 $1 $18 {[%mdl 512] was the only winning move.} Qd4 (35... Qxd2 36. Qxg7+) 36. Re1) 35... Kxc7 36. Bd2 Qd4 37. Qxe6 Ra1 38. Qd6+ Kb7 39. Be1 Qe4 40. Bg3 Rxg1+ 41. Kxg1 Qe3+ 42. Kf1 Re7 43. Qd8 Qc1+ 0-1

[Event "XVII Orsha-2019 Open"]
[Site "Orsha"]
[Date "2019.01.23"]
[Round "8"]
[White "Papunidi, Matvey"]
[Black "Siniauski, Artsiom"]
[Result "1/2-1/2"]
[ECO "E14"]
[WhiteElo "2113"]
[BlackElo "2182"]
[Annotator "NA"]
[PlyCount "64"]
[EventDate "2019.01.18"]
[EventType "swiss"]
[EventCountry "BLR"]
[SourceTitle "playchess.com"]
[Source "ChessBase"]
[SourceQuality "1"]
[TimeControl "5400+30"]

1. d4 Nf6 2. Nf3 e6 3. c4 b6 4. e3 Bb7 5. Nc3 Bb4 6. Bd2 O-O 7. Ne4 {[%emt 0:11:40] E21: Nimzo-Indian: 4 Nf3} (7. Bd3 d5 8. cxd5 exd5 9. Rc1 Be7 10. O-O c5 11. Ne5 Nc6 12. Be1 a6 13. f3 cxd4 14. Nxc6 Bxc6 15. exd4 Bb7 16. Bh4 Nh5 17. Bxe7 Qxe7 {1-0 (59) Yu,Y (2759)-Wang,H (2710) Tianjin 2018}) 7... Bxd2+ $146 ({Predecessor:} 7... Be7 8. Ng3 c5 9. Bd3 d5 10. cxd5 exd5 11. Qc2 c4 12. Be2 Re8 13. h4 Nbd7 14. h5 Ne4 15. Nxe4 dxe4 {1-0 (53) Fernandez,E-Bademian Orchanian,J (2235) Las Piedras 1977}) 8. Nexd2 c5 9. dxc5 bxc5 10. Be2 Qb6 11. O-O Nc6 12. Qc2 Rab8 13. b3 Rfd8 14. Rfd1 a5 15. h3 d6 16. g4 Nb4 17. Qc3 d5 18. a3 Na6 19. cxd5 exd5 20. g5 d4 21. Nc4 Nd5 22. Qxa5 Qe6 23. Rac1 Re8 24. Nce5 Nc3 25. Rxc3 Bxf3 26. Nxf3 dxc3 27. Qxa6 Qxh3 28. Qc4 h6 29. g6 Re6 $18 (29... Qe6 $142 30. gxf7+ Qxf7) 30. gxf7+ Kh8 31. Nh4 c2 32. Rc1 Rf6 1/2-1/2

[Event "XVII Orsha-2019 Open"]
[Site "Orsha"]
[Date "2019.01.23"]
[Round "8.11"]
[White "Pogosian, Georgy"]
[Black "Galkin, Gleb"]
[Result "0-1"]
[ECO "D37"]
[WhiteElo "2090"]
[BlackElo "2156"]
[PlyCount "40"]
[EventDate "2019.01.18"]
[EventType "swiss"]
[EventCountry "BLR"]
[TimeControl "5400+30"]

1. d4 d5 2. Nf3 Nf6 3. c4 e6 4. Nc3 Be7 5. Bf4 O-O 6. e3 c5 7. cxd5 Nxd5 8. Nxd5 Qxd5 9. dxc5 Qxc5 10. Bd3 Qa5+ 11. Ke2 Nc6 12. a3 Bf6 13. Qc2 h6 14. h4 Qb6 15. Rab1 e5 16. Bg5 Bg4 17. Bxf6 gxf6 18. Bf5 Bxf5 19. Qxf5 Qa6+ 20. Qd3 e4 0-1

[Event "XVII Orsha-2019 Open"]
[Site "Orsha"]
[Date "2019.01.23"]
[Round "8.12"]
[White "Parshin, Maxim"]
[Black "Vashchilov, Sergey"]
[Result "0-1"]
[ECO "E14"]
[WhiteElo "1956"]
[BlackElo "2134"]
[PlyCount "68"]
[EventDate "2019.01.18"]
[EventType "swiss"]
[EventCountry "BLR"]
[TimeControl "5400+30"]

1. d4 e6 2. Nf3 c5 3. e3 Nf6 4. Bd3 b6 5. O-O Bb7 6. Nbd2 d6 7. b3 Be7 8. Bb2 O-O 9. c4 Nbd7 10. Rc1 Rc8 11. dxc5 bxc5 12. Nb1 Qc7 13. Nc3 Qb8 14. Qe2 a6 15. Rfd1 Bd8 16. Bb1 Bc7 17. h3 Rfe8 18. Qd3 Qa8 19. Qe2 Nf8 20. Rd2 Ng6 21. Ne1 Nh4 22. f4 d5 23. Na4 d4 24. Nxc5 Bxg2 25. Bxd4 Ba5 26. Bxf6 Bxd2 27. Bxh7+ Kxh7 28. Qh5+ Kg8 29. Qxh4 Rxc5 30. Rc2 Bxe3+ 31. Kh2 Be4 32. Nd3 Bxd3 33. Rg2 Bg6 34. Be5 Qe4 0-1

[Event "XVII Orsha-2019 Open"]
[Site "Orsha"]
[Date "2019.01.23"]
[Round "8.13"]
[White "Paniagua Chnelik, Sebastian"]
[Black "Ghevondyan, Arman"]
[Result "0-1"]
[ECO "D85"]
[WhiteElo "2188"]
[BlackElo "1679"]
[PlyCount "113"]
[EventDate "2019.01.18"]
[EventType "swiss"]
[EventCountry "BLR"]
[TimeControl "5400+30"]

1. d4 Nf6 2. c4 g6 3. Nc3 d5 4. cxd5 Nxd5 5. Nb1 Bg7 6. e4 Nb6 7. Nf3 Bg4 8. Nc3 Bxf3 9. Qxf3 Qxd4 10. Nb5 Qd7 11. Bf4 e5 12. Rd1 Qc8 13. Qc3 Nc6 14. Be3 O-O 15. Be2 Rd8 16. O-O Rxd1 17. Bxd1 Bf8 18. f4 a6 19. Na3 Bb4 20. Qc1 Qd7 21. fxe5 Nxe5 22. Bb3 Rd8 23. Nb1 Re8 24. Nc3 Bxc3 25. Qxc3 Qc6 26. Qd4 Nbc4 27. Rc1 b5 28. Bxc4 Nxc4 29. Bh6 Qb6 30. Qxb6 cxb6 31. b3 Ne5 32. h3 f6 33. Be3 Re6 34. Rc7 Nd3 35. Bh6 Nc5 36. Rg7+ Kf8 37. Rxg6+ Ke8 38. Rg7 Re7 39. Rg8+ Kd7 $11 40. Ra8 Kc6 41. b4 Kb7 42. Rf8 Nxe4 43. Bf4 a5 44. a3 Kc6 45. h4 Kd5 46. h5 axb4 47. axb4 Kc4 48. h6 Kxb4 49. Rg8 Kc4 50. Rg7 Re8 51. Rxh7 b4 52. Rc7+ Kb3 53. h7 Rh8 54. Be3 b5 55. Re7 Ng5 56. Bxg5 fxg5 57. Kf2 {... 63 moves} 0-1

[Event "XVII Orsha-2019 Open"]
[Site "Orsha"]
[Date "2019.01.23"]
[Round "8.14"]
[White "Stashis, Anna"]
[Black "Navumenka, Mikhei"]
[Result "0-1"]
[ECO "C42"]
[WhiteElo "1931"]
[BlackElo "2104"]
[PlyCount "74"]
[EventDate "2019.01.18"]
[EventType "swiss"]
[EventCountry "BLR"]
[TimeControl "5400+30"]

1. e4 e6 2. d4 d5 3. exd5 exd5 4. c4 Nf6 5. Nc3 dxc4 6. Bxc4 Be7 7. Nf3 O-O 8. O-O Bg4 9. h3 Bh5 10. g4 Bg6 11. Ne5 Nfd7 12. f4 Nxe5 13. dxe5 h5 14. Qxd8 Bxd8 15. f5 Bh7 16. g5 Kh8 17. Bd2 Nc6 18. Rae1 Nd4 19. Bd3 Be7 20. Nd5 Bc5 21. Be3 c6 22. Nc3 Rad8 23. Kg2 Rfe8 24. Bg1 Bb6 25. Rf4 c5 26. g6 fxg6 27. fxg6 Ne6 28. Rh4 Rxd3 29. gxh7 g5 30. Rhe4 Nf4+ 31. Rxf4 gxf4 32. e6 f3+ 33. Kf1 Kxh7 34. Ne4 Kg6 35. Nxc5 Rd5 36. Nxb7 Bxg1 37. Kxg1 Re7 0-1

[Event "XVII Orsha-2019 Open"]
[Site "Orsha"]
[Date "2019.01.23"]
[Round "8.15"]
[White "Gabdrakipov, Ilshat"]
[Black "Spizharny, Mikhail"]
[Result "0-1"]
[ECO "B41"]
[WhiteElo "2098"]
[BlackElo "1923"]
[PlyCount "144"]
[EventDate "2019.01.18"]
[EventType "swiss"]
[EventCountry "BLR"]
[TimeControl "5400+30"]

1. e4 c5 2. Nf3 e6 3. d4 cxd4 4. Nxd4 a6 5. c4 Nf6 6. Nc3 Bb4 7. Bd3 Nc6 8. Nxc6 dxc6 9. Qc2 e5 10. O-O O-O 11. Ne2 Be6 12. a3 Be7 13. b4 a5 14. Bb2 axb4 15. axb4 Bxb4 16. Rxa8 Qxa8 17. Bxe5 Be7 18. Bd4 Nd7 19. Ra1 Qb8 20. Qb2 Nc5 21. Bb1 Bxc4 22. Ng3 Ne6 23. Nf5 Nxd4 24. Qxd4 Bf6 25. Nh6+ gxh6 26. Qxf6 Qd8 27. Qf3 Qd4 28. Ra3 Qb2 29. Qg3+ Kh8 30. Qc3+ Qxc3 31. Rxc3 Rd8 32. f4 b5 33. Kf2 Rd4 34. Ke3 c5 35. Ra3 Rd1 36. Bc2 Rg1 37. Kf3 Rc1 38. Rc3 Bd3 39. Rxd3 Rxc2 40. f5 Kg7 41. e5 b4 42. Ke4 Rxg2 43. Kd5 Rc2 44. Kd6 c4 45. Rd4 h5 46. e6 b3 47. e7 Re2 48. Rxc4 Kf6 49. Rb4 Rd2+ 50. Kc6 Kxe7 51. Rxb3 Rxh2 52. Kd5 Kf6 53. Rb7 Re2 54. Kd4 h4 55. Kd3 Re5 56. Rb6+ Kg5 57. f6 Rf5 58. Ke3 Rxf6 59. Rb1 h3 60. Rh1 Kh4 61. Ke2 Ra6 62. Kf3 Ra2 63. Kf4 h2 64. Kf3 Kh3 65. Rb1 h5 66. Re1 h4 67. Rb1 Rg2 68. Kf4 Rf2+ 69. Ke3 Kg2 70. Ra1 Rb2 71. Ra4 h1=Q 72. Rg4+ Kh3 0-1

[Event "XVII Orsha-2019 Open"]
[Site "Orsha"]
[Date "2019.01.23"]
[Round "8.17"]
[White "Karas, Andrei"]
[Black "Kirilin, Dmitrij"]
[Result "0-1"]
[ECO "A26"]
[WhiteElo "1422"]
[BlackElo "2074"]
[PlyCount "108"]
[EventDate "2019.01.18"]
[EventType "swiss"]
[EventCountry "BLR"]
[TimeControl "5400+30"]

1. c4 e5 2. g3 Nc6 3. Bg2 g6 4. Nc3 Bg7 5. e4 Nge7 6. Nge2 d6 7. O-O O-O 8. d3 f5 9. Bg5 h6 10. Be3 Be6 11. Qd2 Kh7 12. b3 Qd7 13. Rad1 Nd4 14. Bxd4 exd4 15. Nd5 c6 16. Nxe7 Qxe7 17. Nf4 fxe4 18. Bxe4 Bf5 19. Rde1 Qd7 20. Bxf5 Rxf5 21. Re2 Re5 22. Rfe1 Rae8 23. Rxe5 dxe5 24. Qe2 Ra8 25. Ng2 Re8 26. Qe4 Qf5 27. Nh4 Qxe4 28. Rxe4 Rf8 29. Kg2 Bf6 30. Nf3 Re8 31. Nxd4 Rd8 32. Nf3 Rxd3 33. Nxe5 Rd2 34. Ng4 Bd4 35. Kf3 h5 36. Ne3 Bc5 37. Re5 Bb4 38. c5 Rxa2 39. Re7+ Kh6 40. Rxb7 Bxc5 41. Rc7 Ra6 42. Nc4 Bd4 43. h4 c5 44. Ne3 Rb6 45. Rxa7 c4 46. g4 Rf6+ 47. Kg3 Bxa7 48. g5+ Kh7 49. gxf6 Bxe3 50. bxc4 Bd4 51. c5 Bxc5 52. f4 Kg8 53. f5 Bd6+ 54. Kf3 gxf5 0-1

[Event "XVII Orsha-2019 Open"]
[Site "Orsha"]
[Date "2019.01.23"]
[Round "8.18"]
[White "Prutskov, Aleksei"]
[Black "Bury, Gleb M"]
[Result "1-0"]
[ECO "D87"]
[WhiteElo "1824"]
[BlackElo "1961"]
[PlyCount "61"]
[EventDate "2019.01.18"]
[EventType "swiss"]
[EventCountry "BLR"]
[TimeControl "5400+30"]

1. d4 Nf6 2. c4 g6 3. Nc3 d5 4. cxd5 Nxd5 5. e4 Nxc3 6. bxc3 Bg7 7. Bc4 c5 8. Ne2 Nc6 9. Be3 O-O 10. O-O b6 11. Qd2 Bb7 12. f4 cxd4 13. cxd4 Rc8 14. Rac1 Na5 15. Bd3 Qd6 16. f5 Qa3 17. e5 Rxc1 18. Rxc1 Rc8 19. Rxc8+ Bxc8 20. fxg6 hxg6 21. Qc3 Qxc3 22. Nxc3 e6 23. Nb5 Ba6 24. a4 Nc6 25. Be4 Bxb5 26. axb5 Nb4 27. Bg5 Kf8 28. h4 a5 29. Bd8 Ke8 30. Bxb6 a4 31. Ba5 1-0

[Event "XVII Orsha-2019 Open"]
[Site "Orsha"]
[Date "2019.01.23"]
[Round "8.19"]
[White "Budnikov, Sergei"]
[Black "Tsesler, Yakau"]
[Result "1-0"]
[ECO "D00"]
[WhiteElo "2152"]
[BlackElo "1895"]
[PlyCount "113"]
[EventDate "2019.01.18"]
[EventType "swiss"]
[EventCountry "BLR"]
[TimeControl "5400+30"]

1. d4 d5 2. Bf4 Nf6 3. e3 e6 4. Nd2 Bd6 5. Bg3 Nbd7 6. Ngf3 b6 7. Ne5 Bb7 8. Bd3 Ne4 9. Qg4 Qg5 10. Nxe4 Qxg4 11. Nxd6+ cxd6 12. Nxg4 h5 13. Bxd6 hxg4 14. Ke2 f5 15. f3 gxf3+ 16. gxf3 Kf7 17. b3 g5 18. Rhg1 Rag8 19. Rg2 Rh5 20. Rag1 a6 21. h4 Rxh4 22. Rxg5 Rxg5 23. Rxg5 Rh3 24. a4 Rh6 25. Rg2 Rh3 26. Rh2 Rxh2+ 27. Bxh2 Ke7 28. Bc7 Ke8 29. Kf2 Ke7 30. Kg3 Kf6 31. Kf4 Kg6 32. Bd8 Kf7 33. c4 Ke8 34. Bc7 Ke7 35. b4 dxc4 36. Bxc4 Bc6 37. b5 axb5 38. Bxb5 Bxb5 39. axb5 Nf6 40. e4 fxe4 41. fxe4 Nd7 42. e5 Kf7 43. Ke4 Ke7 44. Bd6+ Ke8 45. d5 exd5+ 46. Kxd5 Kd8 47. Kc6 Kc8 48. e6 Nf6 49. e7 Ne8 50. Be5 Nc7 51. Bd4 Ne8 52. Bxb6 Nc7 53. Bd4 Ne8 54. b6 Nc7 55. b7+ Kb8 56. Ba7+ Kxa7 57. Kxc7 1-0

[Event "XVII Orsha-2019 Open"]
[Site "Orsha"]
[Date "2019.01.23"]
[Round "8.20"]
[White "Khobotova, Olesia"]
[Black "Kolosovskaya, Olga"]
[Result "1-0"]
[ECO "B30"]
[WhiteElo "1978"]
[BlackElo "1855"]
[PlyCount "103"]
[EventDate "2019.01.18"]
[EventType "swiss"]
[EventCountry "BLR"]
[TimeControl "5400+30"]

1. e4 c5 2. Nf3 e6 3. b3 Nc6 4. Bb5 Qc7 5. Bb2 a6 6. Bxc6 Qxc6 7. d3 Nf6 8. O-O Be7 9. Nbd2 b6 10. Ne5 Qc7 11. Qf3 d6 12. Ng4 e5 13. Ne3 g6 14. g4 Be6 15. h3 h5 16. Qg3 hxg4 17. hxg4 O-O-O 18. f3 Rdg8 19. Ng2 Rh7 20. Kf2 Rgh8 21. Ke2 Rh2 22. Rg1 R8h3 23. Qe1 Nxg4 24. Nf1 Bh4 25. Qc3 Rh1 26. Rxh1 Rxh1 27. Nxh4 Rxh4 28. fxg4 Bxg4+ 29. Kd2 Qe7 30. Re1 Qg5+ 31. Ne3 Rh3 32. Qc4 Qf4 33. Qxa6+ Kc7 34. Qa7+ Kc6 35. Qa8+ Kc7 36. Kc3 Rxe3 37. Bc1 Rxe1 38. Bxf4 exf4 39. Qa7+ Kc6 40. Qxf7 f3 41. Qf4 Rg1 42. e5 dxe5 43. Qf6+ Kd5 44. Qf7+ Kc6 45. Qxg6+ Kb7 46. Qe4+ Ka7 47. Qh7+ Ka8 48. Qg8+ Ka7 49. Qf7+ Ka8 50. Kc4 Rg2 51. Kb5 f2 52. Qd5+ 1-0

[Event "XVII Orsha-2019 Open"]
[Site "Orsha"]
[Date "2019.01.23"]
[Round "8.21"]
[White "Dmitriev, Nikolay"]
[Black "Sychou, Dzmitry"]
[Result "1-0"]
[ECO "E60"]
[WhiteElo "1923"]
[BlackElo "1847"]
[PlyCount "171"]
[EventDate "2019.01.18"]
[EventType "swiss"]
[EventCountry "BLR"]
[TimeControl "5400+30"]

1. Nf3 Nf6 2. g3 g6 3. Bg2 Bg7 4. O-O O-O 5. d4 d6 6. b3 c5 7. c4 Nc6 8. Bb2 e6 9. e3 Qc7 10. Nc3 a6 11. Qe2 Rb8 12. Rfd1 b6 13. d5 exd5 14. Nxd5 Nxd5 15. Bxg7 Kxg7 16. Rxd5 Ne7 17. Qb2+ Kg8 18. Rd2 Be6 19. Ng5 h6 20. Ne4 Rfd8 21. Nf6+ Kf8 22. a3 b5 23. Qc3 Nc6 24. Ne4 bxc4 25. Qh8+ Ke7 26. Qf6+ Kf8 27. bxc4 Ne5 28. Qh8+ Ke7 29. Qxh6 Nxc4 30. Qh4+ Kd7 31. Nf6+ Kc8 32. Rc2 Ne5 33. Nd5 Bxd5 34. Bxd5 Qd7 35. Rac1 Nd3 36. Rd1 Ne5 37. Bg2 Qc7 38. Qa4 Rb6 39. Qe4 Nc6 40. Rcd2 Ne5 41. Qa8+ Kd7 42. Qd5 Ke7 43. f4 Ng4 44. Qg5+ Nf6 45. e4 c4 46. e5 Qc5+ 47. Kh1 d5 48. exf6+ Kf8 49. Qh6+ Ke8 50. Qh8+ Qf8 51. Qxf8+ Kxf8 52. Rxd5 Re8 53. Rd8 Rxf6 54. Rxe8+ Kxe8 55. Rc1 Rb6 56. Be4 Rb3 57. a4 c3 58. Kg1 Kd7 59. Kf2 Kd6 60. Ke3 Ra3 61. Bc2 Kc5 62. Kd3 Kb4 63. Rb1+ Ka5 64. g4 f5 65. gxf5 gxf5 66. Rh1 Ra2 67. h4 Rb2 68. h5 Rb8 69. Kxc3 Rh8 70. h6 Rxh6 71. Rf1 Rc6+ 72. Kd2 Rc5 73. Rf3 Kb4 74. Rb3+ Ka5 75. Re3 Rd5+ 76. Kc3 Rc5+ 77. Kb3 Kb6 78. Re5 Rc7 79. Rxf5 Re7 80. Re5 Rf7 81. f5 Rb7 82. Be4 Rc7 83. f6 Rf7 84. Re6+ Ka5 85. Re5+ Kb6 86. a5+ 1-0

[Event "XVII Orsha-2019 Open"]
[Site "Orsha"]
[Date "2019.01.23"]
[Round "8.22"]
[White "Naumovich, Yaroslav"]
[Black "Viikmaa, Karmen"]
[Result "1/2-1/2"]
[ECO "E67"]
[WhiteElo "1915"]
[BlackElo "1706"]
[PlyCount "97"]
[EventDate "2019.01.18"]
[EventType "swiss"]
[EventCountry "BLR"]
[TimeControl "5400+30"]

1. Nf3 Nf6 2. d4 g6 3. g3 Bg7 4. Bg2 d6 5. c4 O-O 6. O-O Nbd7 7. Nc3 e5 8. dxe5 dxe5 9. e4 Re8 10. Qe2 c6 11. b3 Qe7 12. Bb2 a5 13. Rfd1 Nf8 14. h3 N6d7 15. Na4 Ne6 16. Qe3 h6 17. Rd2 Kh7 18. Rad1 Bf6 19. Rd3 Ng5 20. Nxg5+ Bxg5 21. f4 exf4 22. gxf4 Bf6 23. e5 Nf8 24. Qc1 Bg7 25. Ba3 Qh4 26. Nb6 Bf5 27. Nxa8 Rxa8 28. Rf3 Rd8 29. Rxd8 Qxd8 30. Bd6 Qb6+ 31. c5 Qd8 32. Qe1 Ne6 33. b4 Nd4 34. Rf2 Nc2 35. Rxc2 Bxc2 36. b5 Ba4 37. bxc6 Bxc6 38. Bxc6 bxc6 39. e6 fxe6 40. Qxe6 Qf6 41. Qxf6 Bxf6 42. Kg2 Kg8 43. Kf3 Kf7 44. Ke4 Ke6 45. a4 Bc3 46. Bc7 Bb4 47. Bb6 Bc3 48. Bd8 Bb4 49. Bb6 1/2-1/2

[Event "XVII Orsha-2019 Open"]
[Site "Orsha"]
[Date "2019.01.23"]
[Round "8.23"]
[White "Abrazevich, Yauheni"]
[Black "Grigoryan, Aram"]
[Result "1/2-1/2"]
[ECO "C01"]
[WhiteElo "1914"]
[BlackElo "1786"]
[PlyCount "88"]
[EventDate "2019.01.18"]
[EventType "swiss"]
[EventCountry "BLR"]
[TimeControl "5400+30"]

1. e4 e6 2. d4 d5 3. exd5 exd5 4. Bd3 Bd6 5. Nc3 c6 6. Nge2 Qf6 7. Be3 Ne7 8. Qd2 Bf5 9. Bf4 Bxd3 10. Bxd6 Qxd6 11. Qxd3 Nd7 12. Qg3 Nf5 13. Qxd6 Nxd6 14. Ng3 h5 15. h4 g6 16. f3 f6 17. Kf2 Kf7 18. Nce2 a5 19. a4 Nf8 20. Nf4 Ne6 21. Nxe6 Kxe6 22. Ne2 g5 23. Rae1 Kf7 24. hxg5 fxg5 25. Nc1 Nf5 26. c3 Kf6 27. Nd3 h4 28. Re5 Rae8 29. Rhe1 Rxe5 30. Nxe5 Nd6 31. Ng4+ Kf5 32. Re5+ Kf4 33. Re6 Ne4+ 34. fxe4 Kxg4 35. e5 h3 36. gxh3+ Rxh3 37. Kg2 Rg3+ 38. Kf2 Rf3+ 39. Kg2 Rd3 40. Rf6 Re3 41. Kf2 Re4 42. Rf3 Kh5 43. Re3 Kg6 44. Rf3 Rh4 1/2-1/2

[Event "XVII Orsha-2019 Open"]
[Site "Orsha"]
[Date "2019.01.23"]
[Round "8.24"]
[White "Nikolaev, Dmitry"]
[Black "Vainerchuk, Barys"]
[Result "0-1"]
[ECO "A87"]
[WhiteElo "1634"]
[BlackElo "1907"]
[PlyCount "80"]
[EventDate "2019.01.18"]
[EventType "swiss"]
[EventCountry "BLR"]
[TimeControl "5400+30"]

1. Nf3 f5 2. g3 Nf6 3. Bg2 g6 4. b3 Bg7 5. Bb2 O-O 6. c4 d6 7. d4 c6 8. O-O Qe8 9. Qc2 h6 10. Re1 Qf7 11. Nbd2 a5 12. e4 fxe4 13. Nxe4 Bf5 14. Nh4 Nbd7 15. Nxf6+ Qxf6 16. Nxf5 gxf5 17. f4 Rfe8 18. Re2 e6 19. Rae1 Qf7 20. Qd2 d5 21. cxd5 cxd5 22. Rc1 Nf6 23. Rc5 a4 24. b4 Bf8 25. Rc1 a3 26. Ba1 Qd7 27. Qe1 Kf7 28. Rec2 Rec8 29. b5 Rxc2 30. Rxc2 Rc8 31. Rxc8 Qxc8 32. Qc3 Qd8 33. Kf1 Qb6 34. Qb3 Ne8 35. Kf2 Nd6 36. Bf1 Ne4+ 37. Ke3 Qa5 38. Be2 Qd2+ 39. Kf3 Qe1 40. Qd1 Qf2# 0-1

[Event "XVII Orsha-2019 Open"]
[Site "Orsha"]
[Date "2019.01.23"]
[Round "8.25"]
[White "Elkin, Leonid"]
[Black "Loshakov, Dmitry"]
[Result "1-0"]
[ECO "B15"]
[WhiteElo "2085"]
[BlackElo "1852"]
[PlyCount "81"]
[EventDate "2019.01.18"]
[EventType "swiss"]
[EventCountry "BLR"]
[TimeControl "5400+30"]

1. e4 c6 2. d4 d5 3. Nc3 g6 4. Nf3 Bg7 5. h3 dxe4 6. Nxe4 Nf6 7. Nxf6+ exf6 8. Bd3 O-O 9. O-O Be6 10. Bf4 Nd7 11. c4 Nb6 12. Rc1 Qd7 13. Qd2 Rfe8 14. Rfd1 Nc8 15. Bf1 Ne7 16. b3 Rad8 17. a4 g5 18. Bh2 h5 19. Rc3 Nf5 20. d5 cxd5 21. cxd5 Bxd5 22. Bb5 Bxf3 23. Bxd7 Bxd1 24. Rd3 Bc2 25. Bxe8 Rxd3 26. Qxc2 Rd8 27. Bd7 Nd4 28. Qc7 Ne6 29. Qxb7 Nc5 30. Qxa7 Rxd7 31. Qb8+ Kh7 32. g4 Rd1+ 33. Kg2 Rb1 34. Qb5 Bf8 35. b4 Rb2 36. Qe8 Nd3 37. Qxf8 Rxf2+ 38. Kg1 Rf3 39. Qxf7+ Kh8 40. gxh5 Rxh3 41. Qxf6+ 1-0

[Event "XVII Orsha-2019 Open"]
[Site "Orsha"]
[Date "2019.01.23"]
[Round "8.26"]
[White "Vifleemskaia, Svetlana"]
[Black "Klachkou, Platon"]
[Result "1/2-1/2"]
[ECO "E70"]
[WhiteElo "2030"]
[BlackElo "1771"]
[PlyCount "70"]
[EventDate "2019.01.18"]
[EventType "swiss"]
[EventCountry "BLR"]
[TimeControl "5400+30"]

1. d4 Nf6 2. c4 g6 3. Nc3 Bg7 4. e4 d6 5. Nge2 O-O 6. Ng3 e5 7. d5 c6 8. Be2 a5 9. Be3 Ne8 10. O-O f5 11. exf5 gxf5 12. f4 exf4 13. Rxf4 Bh6 14. Rg4+ fxg4 15. Bxh6 Qb6+ 16. Kh1 Rf6 17. Na4 Qc7 18. Be3 c5 19. Nh5 Rf7 20. Bxg4 Ng7 21. Bxc8 Qxc8 22. Nxg7 Rxg7 23. Nb6 Qe8 24. Nxa8 Qxe3 25. Qe1 Re7 26. Qxa5 Nd7 27. Nc7 Nf8 28. Nb5 Qf2 29. Qc3 Ng6 30. Qg3 Qxb2 31. Re1 Qf6 32. h3 Rxe1+ 33. Qxe1 Ne5 34. Qe4 h5 35. Kg1 h4 1/2-1/2

[Event "XVII Orsha-2019 Open"]
[Site "Orsha"]
[Date "2019.01.23"]
[Round "8.27"]
[White "Staravoitava, Hanna"]
[Black "Bogacheva, Anna"]
[Result "1/2-1/2"]
[ECO "B22"]
[WhiteElo "1864"]
[BlackElo "1955"]
[PlyCount "95"]
[EventDate "2019.01.18"]
[EventType "swiss"]
[EventCountry "BLR"]
[TimeControl "5400+30"]

1. e4 c5 2. c3 d5 3. exd5 Qxd5 4. d4 cxd4 5. cxd4 Nc6 6. Nf3 Bg4 7. Be2 e6 8. O-O Nf6 9. Nc3 Qd8 10. Bg5 Be7 11. Qa4 O-O 12. Bxf6 Bxf6 13. d5 Bxf3 14. Bxf3 Nd4 15. Bg4 b5 16. Nxb5 Nxb5 17. Qxb5 Rb8 18. Qa6 exd5 19. Rad1 Rxb2 20. Qxa7 Qd6 21. Qd7 Rd8 22. Qxd6 Rxd6 23. Rfe1 Rd8 24. Rxd5 Rdb8 25. a4 Ra2 26. Bd7 g6 27. Bb5 Kg7 28. g3 Rc8 29. Re2 Rc1+ 30. Kg2 Raa1 31. Be8 Rc7 32. h4 h5 33. Rd7 Rxd7 34. Bxd7 Ra3 35. Rc2 Bc3 36. Kf3 Kf6 37. Ke4 Ke7 38. Bb5 Kd6 39. g4 hxg4 40. Kf4 g3 41. fxg3 Be5+ 42. Kg5 Rxg3+ 43. Kh6 Rg4 44. Rc4 Bd4 45. h5 Rh4 46. Rxd4+ Rxd4 47. hxg6 fxg6 48. Kxg6 1/2-1/2

[Event "XVII Orsha-2019 Open"]
[Site "Orsha"]
[Date "2019.01.23"]
[Round "8.28"]
[White "Petrosyan, Sahak"]
[Black "Bialiauski, Artsiom"]
[Result "1-0"]
[ECO "C78"]
[WhiteElo "1835"]
[BlackElo "1914"]
[PlyCount "125"]
[EventDate "2019.01.18"]
[EventType "swiss"]
[EventCountry "BLR"]
[TimeControl "5400+30"]

1. e4 e5 2. Nf3 Nc6 3. Bb5 a6 4. Ba4 Nf6 5. d3 Bc5 6. O-O b5 7. Bb3 d6 8. c3 Bb6 9. Re1 O-O 10. Bg5 h6 11. Bh4 Qe7 12. Bd5 Bd7 13. d4 Rae8 14. Nbd2 Nb8 15. dxe5 dxe5 16. Bb3 Be6 17. Bg3 Bxb3 18. axb3 Nfd7 19. Qe2 Qe6 20. b4 c5 21. c4 Qc6 22. bxc5 Bxc5 23. cxb5 axb5 24. Nb3 f6 25. Rac1 Qb6 26. Nh4 Rc8 27. Qg4 Rf7 28. Nf5 Kh7 29. Nh4 Kg8 30. Rc2 Rc7 31. Nf5 Kh7 32. Qh5 Qe6 33. Nbd4 exd4 34. Bxc7 d3 35. Rxc5 Nxc5 36. Bxb8 d2 37. Rd1 Nxe4 38. Nd4 Qe8 39. Qxb5 Qxb5 40. Nxb5 Rb7 41. Nd6 Nxd6 42. Bxd6 Rxb2 43. Bf4 Kg6 44. g3 Kh7 45. Rxd2 Rb1+ 46. Kg2 Kg6 47. h4 h5 48. Rd5 Rb2 49. g4 hxg4 50. h5+ Kh7 51. Rd7 Kg8 52. h6 gxh6 53. Bxh6 f5 54. Be3 Rb4 55. Kg3 Kh8 56. Rd5 Rb1 57. Rxf5 Kg7 58. Kxg4 Kg6 59. Rd5 Rg1+ 60. Kf4 Ra1 61. Rd6+ Kh5 62. Rb6 Ra2 63. Kf3 1-0

[Event "XVII Orsha-2019 Open"]
[Site "Orsha"]
[Date "2019.01.23"]
[Round "8.29"]
[White "Gabdrakipov, Kirill"]
[Black "Sokolov, Sergey"]
[Result "1/2-1/2"]
[ECO "D40"]
[WhiteElo "1901"]
[BlackElo "1756"]
[PlyCount "70"]
[EventDate "2019.01.18"]
[EventType "swiss"]
[EventCountry "BLR"]
[TimeControl "5400+30"]

1. e4 c6 2. d4 d5 3. exd5 cxd5 4. c4 Nf6 5. Nc3 e6 6. Nf3 Be7 7. Be2 O-O 8. O-O dxc4 9. Bxc4 Bd7 10. Re1 Re8 11. b3 Nc6 12. Bb2 Rc8 13. d5 exd5 14. Nxd5 Nxd5 15. Bxd5 Bf6 16. Rxe8+ Bxe8 17. Bxf6 Qxf6 18. Bxc6 Bxc6 19. Qd4 Bxf3 20. Qxf6 gxf6 21. gxf3 Rc2 22. a3 Rb2 23. b4 Rb3 24. Kg2 Kg7 25. Kg3 Kg6 26. Ra2 Kf5 27. h3 Kg5 28. Ra1 h5 29. h4+ Kf5 30. Ra2 a6 31. Ra1 Kg6 32. Kf4 b5 33. Ke4 f5+ 34. Kf4 Kf6 35. Ra2 Kg6 1/2-1/2

[Event "XVII Orsha-2019 Open"]
[Site "Orsha"]
[Date "2019.01.23"]
[Round "8.30"]
[White "Volchkov, Ivan"]
[Black "Zeliantsova, Kseniya"]
[Result "0-1"]
[ECO "D85"]
[WhiteElo "1685"]
[BlackElo "1858"]
[PlyCount "62"]
[EventDate "2019.01.18"]
[EventType "swiss"]
[EventCountry "BLR"]
[TimeControl "5400+30"]

1. d4 Nf6 2. c4 g6 3. Nc3 d5 4. cxd5 Nxd5 5. Bd2 Bg7 6. e4 Nxc3 7. Bxc3 c5 8. Bb5+ Bd7 9. Bxd7+ Nxd7 10. Nf3 cxd4 11. Bxd4 Qa5+ 12. Qd2 Qxd2+ 13. Kxd2 e5 14. Bc3 O-O 15. Ke2 Rfe8 16. Rhd1 Nc5 17. Nd2 Rac8 18. f3 Na4 19. Rac1 Bh6 20. Rc2 Nxb2 21. Rxb2 Rxc3 22. Nb1 Rc7 23. Na3 Rec8 24. Rdb1 Bc1 25. Rb3 Bxa3 26. Rxa3 Rc2+ 27. Kf1 Rd8 28. Rxa7 Rdd2 29. a4 Rf2+ 30. Ke1 Rxg2 31. Kd1 Ra2 0-1